 Dungeon Crawl Stone Soup version 0.27-a0-1137-g3ef0f4ec91 (webtiles) character file.

Game seed: 2022033996852601806

15 jantan the Ducker (level 2, 0/23 HPs)
             Began as a Merfolk Gladiator on May 6, 2021.
             Slain by a ball python (2 damage)
             ... on level 1 of the Dungeon.
             The game lasted 00:03:16 (715 turns).

jantan the Ducker (Merfolk Gladiator)                Turns: 715, Time: 00:03:17

Health: 0/23       AC:  4    Str: 14    XL:     2   Next: 50%
Magic:  2/2        EV: 13    Int:  7    God:
Gold:   20         SH:  0    Dex: 15    Spells: 1/1 levels left

rFire    . . .     SeeInvis .   a - +0 flail
rCold    . . .     Faith    .   (no shield)
rNeg     . . .     Spirit   .   b - +0 leather armour
rPois    .         Reflect  .   c - +0 helmet
rElec    .         Harm     .   (no cloak)
rCorr    .         Rampage  .   (no gloves)
Will     .....                  (no boots)
Stlth    +.........             (no amulet)
HPRegen  0.07/turn              (no ring)
MPRegen  0.08/turn              (no ring)

@: no status effects
A: (nimble swimmer 2), mertail
a: no special abilities


You were on level 1 of the Dungeon.
You visited 1 branch of the dungeon, and saw 1 of its levels.

You collected 20 gold pieces.

Inventory:

Hand Weapons
 a - a +0 flail (weapon)
 e - a +0 dagger
Missiles
 d - 3 throwing nets (quivered)
Armour
 b - a +0 leather armour (worn)
 c - a +0 helmet (worn)
 h - a +0 pair of boots of stealth
Scrolls
 g - a scroll of fog {unknown}
Potions
 f - a potion of lignification {unknown}


   Skills:
 + Level 2.4 Fighting
 + Level 2.6 Maces & Flails
 + Level 2.1 Throwing
 + Level 0.2 Armour
 + Level 4.3 Dodging


You had one spell level left.
You didn't know any spells.
Your spell library was empty.

Dungeon Overview and Level Annotations

Branches:
Dungeon (1/15)

Altars:

Shops:
D:1 *


Innate Abilities, Weirdness & Mutations

((You are quick and stealthy near water. (Stealth+, EV+, Speed+++)))
Your lower body shifts to a powerful aquatic tail in water.


Message History

You completely miss the gnoll. The goblin closely misses you.
The gnoll closely misses you. The rat misses you.
You barely miss the gnoll. The goblin barely misses you.
The gnoll hits you with a +0 club. The rat closely misses you.
The endoplasm barely misses you. The goblin hits you but does no damage.
The gnoll hits you but does no damage.
You barely miss the gnoll.
The endoplasm hits you but does no damage.
The goblin hits you but does no damage. The gnoll barely misses you.
The rat closely misses you.
You barely miss the gnoll. The endoplasm completely misses you.
The goblin hits you with a +0 dagger. The rat barely misses you.
The gnoll hits you with a +0 club. The rat bites you.
You thump the gnoll!
The gnoll is heavily wounded.
The endoplasm freezes you.
You are frozen.
* * * LOW HITPOINT WARNING * * *
The goblin hits you but does no damage. The gnoll barely misses you.
The rat misses you. The rat bites you.
* * * LOW HITPOINT WARNING * * *
The endoplasm barely misses you.
An endoplasm comes into view.
The goblin hits you with a +0 dagger.
* * * LOW HITPOINT WARNING * * *
The gnoll closely misses you.
A ball python comes into view.
The ball python hisses angrily.
The endoplasm quivers.
The ball python barely misses you. x2
The ball python bites you but does no damage.
The ball python barely misses you.
Found a stone staircase leading down.
The rat twitches its whiskers.
The ball python misses you. The ball python barely misses you.
The endoplasm jiggles.
The ball python completely misses you. The ball python closely misses you.
The ball python closely misses you. The ball python misses you.
The ball python bites you.
You die...

≈≈≈......#.#8###8###⌠###8###8###
≈≈≈..###...####### ### ### ###
≈≈≈..####.....##.##
≈≈≈.........####..#
8≈≈...####### #..# ≈8≈..## #..#
≈≈≈.## #..# ###.# #..# ....#
#@.## .#### #.S.# .# #.#J# .#
#.#r# ...# #J#g# #.... #r#.#
..##. ###.#g# .. # .##.....#
.#.## ..#.....#


You could see 2 endoplasms, a ball python and 2 rats.

Vanquished Creatures
  An endoplasm (D:1)
  2 giant cockroaches (D:1)
  A jackal (D:1)
  4 ball pythons (D:1)
  3 bats (D:1)
  2 kobolds (D:1)
  A rat (D:1)
14 creatures vanquished.

Notes
Turn   | Place    | Note
-------+----------+-------------------------------------------
     0 | D:1      | jantan the Merfolk Gladiator began the quest for the Orb.
     0 | D:1      | Reached XP level 1. HP: 16/16 MP: 1/1
   210 | D:1      | Reached XP level 2. HP: 11/22 MP: 2/2
   254 | D:1      | Found Heekets's General Store.
   696 | D:1      | HP: 1/23 [goblin/+0 dagger (2)]
   715 | D:1      | Slain by a ball python

Illustrated notes

Levels and vault maps discovered:
D:1:      lightli_arrival_boilingwater, layout_rooms, serial_shops, shop,
          hellmonk_ecumenical_altar_lost_god, serial_corexii_hall,
          chequers_hall_statues_wall_a, corexii_hall_statues_i,
          corexii_hall_statues_l, corexii_hall_statues_i, minmay_tetromino_l2

Action                   || total
-------------------------++-------
Melee: Flail             ||    34
Armor: Leather armour    ||    63
Dodge: Dodged            ||   130

Table legend: (Time is in decaauts)
 A = Elapsed time spent in this place.
 B = Non-inter-level travel time spent in this place.
 C = Inter-level travel time spent in this place.
 D = Time resting spent in this place.
 E = Time spent auto-exploring this place.
 F = Levels seen in this place.
 G = Mean time per level.
                   A        B        C        D        E       F      G
               +--------+--------+--------+--------+--------+-----+--------+
         Total |    719 |    719 |      0 |      0 |      0 |   1 |  719.0 |
       Dungeon |    719 |    719 |      0 |      0 |      0 |   1 |  719.0 |
               +--------+--------+--------+--------+--------+-----+--------+

Top non-repeatable levels by time:
     D:1: 719 daAuts
